TOP OF THE 1ST |
Grim Reapers batting - Pitching for Mt. Vernon Bulls : RHP Bernardo López
|
Pitching: RHP Bernardo López
|
|
Batting: RHB Tsuneari Hirano
|
0-0: Fly out, F6 (Popup, 4MD)
|
Batting: SHB Guo-liang Ye
|
0-0: Called Strike 0-1: Ball 1-1: Swinging Strike 1-2: Strikes out swinging
|
Batting: RHB Bearooz Yacoobi
|
0-0: Ball 1-0: Called Strike 1-1: Called Strike 1-2: Strikes out swinging
|
Top of the 1st over - 0 runs, 0 hits, 0 errors, 0 left on base; Grim 0 - Mt. Vernon 0 |
BOTTOM OF THE 1ST |
Mt. Vernon Bulls batting - Pitching for Grim Reapers : RHP Al Turner
|
Pitching: RHP Al Turner
|
|
Batting: SHB Fergus Stidston
|
0-0: Called Strike 0-1: Foul Ball, location: 2F 0-2: Ball 1-2: Ball 2-2: SINGLE (Line Drive, 8LM)
|
Batting: RHB Kamakakoa Kaponianani
|
0-0: Grounds into double play, 6-4-3 (Groundball, 6)
|
Batting: LHB Tomás Muinos
|
0-0: Ball 1-0: Ball 2-0: SINGLE (Line Drive, 89S)
|
Batting: RHB Modesto González
|
0-0: Called Strike 0-1: Foul Ball, location: 2F 0-2: Ball 1-2: DOUBLE (Groundball, 5L) Tomás Muinos to third
|
Batting: LHB Abraham Koen
|
0-0: Called Strike 0-1: Called Strike 0-2: Ball 1-2: Ball 2-2: Ball 3-2: Reached via error on a dropped throw, E3 Tomás Muinos scores Modesto González to third
|
Batting: RHB Tony Cardenas
|
0-0: Ball 1-0: Ground out 4-3 (Groundball, 34D)
|
Bottom of the 1st over - 1 run, 3 hits, 1 error, 2 left on base; Grim 0 - Mt. Vernon 1 |
TOP OF THE 2ND |
Grim Reapers batting - Pitching for Mt. Vernon Bulls : RHP Bernardo López
|
Batting: LHB Semo Hoaloha
|
0-0: Called Strike 0-1: Foul Ball, location: 2F 0-2: Ball 1-2: Ball 2-2: Strikes out swinging
|
Batting: RHB Jaxton Goleta
|
0-0: Ball 1-0: Foul Ball, location: 2F 1-1: Called Strike 1-2: Foul Ball, location: 2F 1-2: SINGLE (Line Drive, 8LS)
|
Batting: RHB Fraser Albrecht
|
0-0: Grounds into double play, 5-4-3 (Groundball, 5L)
|
Top of the 2nd over - 0 runs, 1 hit, 0 errors, 0 left on base; Grim 0 - Mt. Vernon 1 |
BOTTOM OF THE 2ND |
Mt. Vernon Bulls batting - Pitching for Grim Reapers : RHP Al Turner
|
Batting: LHB Iván Soto
|
0-0: Swinging Strike 0-1: Foul Ball, location: 2F 0-2: Ball 1-2: Ball 2-2: SINGLE (Line Drive, 4MD)
|
Batting: RHB Hsin-ping Teoh
|
0-0: Fielders Choice at 2nd, 6-4 (Groundball, 6)
|
Batting: RHB De-wei Mo
|
0-0: Called Strike Hsin-ping Teoh steals 2nd base 0-1: Ball Wild Pitch! Hsin-ping Teoh to third 1-1: Ball 2-1: Called Strike 2-2: Foul Ball, location: 2F 2-2: Ball 3-2: Base on Balls
|
Batting: SHB Fergus Stidston
|
0-0: Ball 1-0: Fly out, F7 (Flyball, 7) Runner from 3rd tags up, OUT at HOME
|
Bottom of the 2nd over - 0 runs, 1 hit, 0 errors, 1 left on base; Grim 0 - Mt. Vernon 1 |
TOP OF THE 3RD |
Grim Reapers batting - Pitching for Mt. Vernon Bulls : RHP Bernardo López
|
Batting: RHB Marvin Strickland
|
0-0: Fly out, F8 (Line Drive, 8RXD)
|
Pitching: RHP Johnny O'Quinn
|
|
Batting: RHB Joe Rodgers
|
0-0: Foul Ball, location: 2F 0-1: Ball 1-1: Foul Ball, location: 2F 1-2: Strikes out swinging
|
Batting: SHB Tekkan Hayagawa
|
0-0: Ball 1-0: Ground out 4-3 (Groundball, 4)
|
Top of the 3rd over - 0 runs, 0 hits, 0 errors, 0 left on base; Grim 0 - Mt. Vernon 1 |
BOTTOM OF THE 3RD |
Mt. Vernon Bulls batting - Pitching for Grim Reapers : RHP Al Turner
|
Batting: RHB Kamakakoa Kaponianani
|
0-0: Swinging Strike 0-1: DOUBLE (Flyball, 9LD)
|
Batting: LHB Tomás Muinos
|
0-0: Ball 1-0: Called Strike 1-1: Called Strike 1-2: Ground out U3 (Groundball, 3) Kamakakoa Kaponianani to third
|
Batting: RHB Modesto González
|
0-0: Fly out, F8 (Line Drive, 8LD) Runner from 3rd tags up, SCORES, throw made
|
Batting: LHB Abraham Koen
|
0-0: Ball 1-0: Called Strike 1-1: Fly out, F4 (Line Drive, 4)
|
Bottom of the 3rd over - 1 run, 1 hit, 0 errors, 0 left on base; Grim 0 - Mt. Vernon 2 |
TOP OF THE 4TH |
Grim Reapers batting - Pitching for Mt. Vernon Bulls : RHP Johnny O'Quinn
|
Batting: RHB Tsuneari Hirano
|
0-0: Fly out, F7 (Flyball, 7S)
|
Batting: SHB Guo-liang Ye
|
0-0: Ball 1-0: Called Strike 1-1: Foul Ball, location: 2F 1-2: Ball 2-2: Strikes out swinging
|
Batting: RHB Bearooz Yacoobi
|
0-0: Ball 1-0: Called Strike 1-1: Swinging Strike 1-2: Ball 2-2: Ground out 5-3 (Groundball, 56S)
|
Top of the 4th over - 0 runs, 0 hits, 0 errors, 0 left on base; Grim 0 - Mt. Vernon 2 |
BOTTOM OF THE 4TH |
Mt. Vernon Bulls batting - Pitching for Grim Reapers : RHP Al Turner
|
Batting: RHB Tony Cardenas
|
0-0: Ball 1-0: Ball 2-0: Foul Ball, location: 2F 2-1: Swinging Strike 2-2: Strikes out swinging
|
Batting: LHB Iván Soto
|
0-0: Called Strike 0-1: Foul Ball, location: 2F 0-2: Ball 1-2: Foul Ball, location: 2F 1-2: Ball 2-2: Ground out 4-3 (Groundball, 4)
|
Batting: RHB Hsin-ping Teoh
|
0-0: Ball 1-0: Ground out 6-3 (Groundball, 6)
|
Bottom of the 4th over - 0 runs, 0 hits, 0 errors, 0 left on base; Grim 0 - Mt. Vernon 2 |
TOP OF THE 5TH |
Grim Reapers batting - Pitching for Mt. Vernon Bulls : RHP Johnny O'Quinn
|
Batting: LHB Semo Hoaloha
|
0-0: Ball 1-0: Swinging Strike 1-1: SOLO HOME RUN (Flyball, 9LD), Distance : 365 ft
|
Batting: RHB Jaxton Goleta
|
0-0: Ball 1-0: Called Strike 1-1: Ball 2-1: Reached via error on a dropped throw, E3
|
Batting: RHB Fraser Albrecht
|
0-0: Swinging Strike 0-1: Swinging Strike 0-2: Strikes out swinging
|
Batting: RHB Marvin Strickland
|
0-0: Ball 1-0: Swinging Strike 1-1: Swinging Strike 1-2: Strikes out looking
|
Batting: RHB Joe Rodgers
|
0-0: Ball 1-0: Fly out, F4 (Popup, 4)
|
Top of the 5th over - 1 run, 1 hit, 1 error, 1 left on base; Grim 1 - Mt. Vernon 2 |
BOTTOM OF THE 5TH |
Mt. Vernon Bulls batting - Pitching for Grim Reapers : RHP Al Turner
|
Batting: RHB De-wei Mo
|
0-0: Swinging Strike 0-1: Swinging Strike 0-2: Ball 1-2: Foul Ball, location: 2F 1-2: Ball 2-2: Strikes out looking
|
Batting: SHB Fergus Stidston
|
0-0: Foul Ball, location: 2F 0-1: Ball 1-1: Foul Ball, location: 2F 1-2: Ball 2-2: Foul Ball, location: 2F 2-2: Ball 3-2: Foul Ball, location: 2F 3-2: Foul Ball, location: 2F 3-2: SINGLE (Groundball, 5) (infield hit)
|
Batting: RHB Kamakakoa Kaponianani
|
0-0: Ball 1-0: Swinging Strike 1-1: Grounds into double play, 5-4-3 (Groundball, 56)
|
Bottom of the 5th over - 0 runs, 1 hit, 0 errors, 0 left on base; Grim 1 - Mt. Vernon 2 |
TOP OF THE 6TH |
Grim Reapers batting - Pitching for Mt. Vernon Bulls : RHP Johnny O'Quinn
|
Batting: SHB Tekkan Hayagawa
|
0-0: Swinging Strike 0-1: Foul Ball, location: 2F 0-2: Ball 1-2: Foul Ball, location: 2F 1-2: Foul Ball, location: 2F 1-2: Ball 2-2: Foul Ball, location: 2F 2-2: Ball 3-2: Foul Ball, location: 2F 3-2: Strikes out swinging
|
Batting: RHB Tsuneari Hirano
|
0-0: Ball 1-0: Called Strike 1-1: Ball 2-1: Ball 3-1: Base on Balls
|
Batting: SHB Guo-liang Ye
|
0-0: Ball 1-0: Called Strike 1-1: Ball 2-1: SINGLE (Flyball, 78S) Tsuneari Hirano to second
|
Batting: RHB Bearooz Yacoobi
|
0-0: Ball 1-0: Swinging Strike 1-1: Foul Ball, location: 2F 1-2: Ball 2-2: Fly out, F6 (Popup, P)
|
Batting: LHB Semo Hoaloha
|
0-0: Called Strike 0-1: Ball 1-1: DOUBLE (Groundball, 3L) Tsuneari Hirano scores Guo-liang Ye to third Runner from 3rd tries for Home, SAFE, throw made at trailing runner, OUT at third!
|
Top of the 6th over - 2 runs, 2 hits, 0 errors, 0 left on base; Grim 3 - Mt. Vernon 2 |
BOTTOM OF THE 6TH |
Mt. Vernon Bulls batting - Pitching for Grim Reapers : RHP Al Turner
|
Batting: LHB Tomás Muinos
|
0-0: Ball 1-0: Swinging Strike 1-1: Ball 2-1: Called Strike 2-2: Strikes out swinging
|
Batting: RHB Modesto González
|
0-0: Called Strike 0-1: Ball 1-1: Foul Ball, location: 2F 1-2: Strikes out looking
|
Batting: LHB Abraham Koen
|
0-0: Ball 1-0: Ball 2-0: Ball 3-0: Base on Balls
|
Pitching: RHP Juan Martínez
|
|
Batting: RHB Tony Cardenas
|
0-0: Ball 1-0: Called Strike 1-1: Ground out U3 (Groundball, 34S)
|
Bottom of the 6th over - 0 runs, 0 hits, 0 errors, 1 left on base; Grim 3 - Mt. Vernon 2 |
TOP OF THE 7TH |
Grim Reapers batting - Pitching for Mt. Vernon Bulls : RHP Johnny O'Quinn
|
Pitching: RHP Sergio Granados
|
|
Batting: RHB Jaxton Goleta
|
0-0: Ball 1-0: Fly out, F8 (Line Drive, 8RM)
|
Batting: RHB Fraser Albrecht
|
0-0: Ball 1-0: Ball 2-0: Ground out 4-3 (Groundball, 4)
|
Batting: RHB Marvin Strickland
|
0-0: Ball 1-0: Called Strike 1-1: Ball 2-1: Ball 3-1: Base on Balls
|
Batting: RHB Joe Rodgers
|
0-0: Ball 1-0: Ball 2-0: Foul Ball, location: 2F 2-1: Ball 3-1: Base on Balls Marvin Strickland to second
|
Batting: SHB Tekkan Hayagawa
|
0-0: Ball 1-0: Called Strike 1-1: Ball 2-1: Ball 3-1: Foul Ball, location: 2F 3-2: Strikes out swinging
|
Top of the 7th over - 0 runs, 0 hits, 0 errors, 2 left on base; Grim 3 - Mt. Vernon 2 |
BOTTOM OF THE 7TH |
Mt. Vernon Bulls batting - Pitching for Grim Reapers : RHP Juan Martínez
|
Batting: LHB Iván Soto
|
0-0: Ball 1-0: Ball 2-0: Called Strike 2-1: Swinging Strike 2-2: Foul Ball, location: 2F 2-2: Ground out 4-3 (Groundball, 4)
|
Pitching: RHP Troy Moore
|
|
Batting: RHB Hsin-ping Teoh
|
0-0: Ball 1-0: Foul Ball, location: 2F 1-1: Ball 2-1: Ball 3-1: Called Strike 3-2: Base on Balls
|
Pinch Hitting: LHB Lou Downes
|
0-0: Fly out, F7 (Flyball, 7)
|
Batting: SHB Fergus Stidston
|
0-0: Foul Ball, location: 2F 0-1: Foul Ball, location: 2F 0-2: Strikes out swinging
|
Bottom of the 7th over - 0 runs, 0 hits, 0 errors, 1 left on base; Grim 3 - Mt. Vernon 2 |
TOP OF THE 8TH |
Grim Reapers batting - Pitching for Mt. Vernon Bulls : RHP Sergio Granados
|
Now at SS: Lou Downes
|
|
Batting: RHB Tsuneari Hirano
|
0-0: Ball 1-0: Called Strike 1-1: Ball 2-1: Called Strike 2-2: Ball 3-2: Ground out U3 (Groundball, 3L)
|
Batting: SHB Guo-liang Ye
|
0-0: Called Strike 0-1: Called Strike 0-2: Ball 1-2: Ball 2-2: Ball 3-2: Base on Balls
|
Batting: RHB Bearooz Yacoobi
|
0-0: Called Strike 0-1: Called Strike 0-2: Ball 1-2: Ball 2-2: Strikes out swinging
|
Batting: LHB Semo Hoaloha
|
0-0: Called Strike 0-1: Swinging Strike 0-2: Fielders Choice at 2nd, U4 (Groundball, 4M)
|
Top of the 8th over - 0 runs, 0 hits, 0 errors, 1 left on base; Grim 3 - Mt. Vernon 2 |
BOTTOM OF THE 8TH |
Mt. Vernon Bulls batting - Pitching for Grim Reapers : RHP Troy Moore
|
Batting: RHB Kamakakoa Kaponianani
|
0-0: Ball 1-0: Swinging Strike 1-1: Foul Ball, location: 2F 1-2: Ball 2-2: Ball 3-2: Strikes out looking
|
Batting: LHB Tomás Muinos
|
0-0: Ball 1-0: Called Strike 1-1: Ball 2-1: Ball 3-1: Foul Ball, location: 2F 3-2: DOUBLE (Flyball, 89D)
|
Pitching: RHP Chang-soo Yi
|
|
Batting: RHB Modesto González
|
0-0: Called Strike 0-1: Ball 1-1: Foul Ball, location: 2F 1-2: Ball 2-2: Ball 3-2: Strikes out swinging
|
Batting: LHB Abraham Koen
|
0-0: Ball 1-0: DOUBLE (Line Drive, 89M) Tomás Muinos scores
|
Batting: RHB Tony Cardenas
|
0-0: Ball 1-0: Ball 2-0: Ball 3-0: Called Strike 3-1: Base on Balls
|
Pitching: RHP César Morales
|
|
Batting: LHB Iván Soto
|
0-0: Ball 1-0: Called Strike 1-1: Ball 2-1: Foul Ball, location: 2F 2-2: Ball 3-2: Foul Ball, location: 2F 3-2: Strikes out looking
|
Bottom of the 8th over - 1 run, 2 hits, 0 errors, 2 left on base; Grim 3 - Mt. Vernon 3 |
TOP OF THE 9TH |
Grim Reapers batting - Pitching for Mt. Vernon Bulls : RHP Sergio Granados
|
Pitching: RHP Joel Walden
|
|
Batting: RHB Jaxton Goleta
|
0-0: Called Strike 0-1: Swinging Strike 0-2: Foul Ball, location: 2F 0-2: Foul Ball, location: 2F 0-2: Ball 1-2: Foul Ball, location: 2F 1-2: Strikes out swinging
|
Pinch Hitting: SHB John Wilder
|
0-0: Foul Ball, location: 2F 0-1: Ball 1-1: Ball 2-1: Fly out, F7 (Flyball, 7LS)
|
Batting: RHB Marvin Strickland
|
0-0: Called Strike 0-1: Swinging Strike 0-2: Strikes out swinging
|
Top of the 9th over - 0 runs, 0 hits, 0 errors, 0 left on base; Grim 3 - Mt. Vernon 3 |
BOTTOM OF THE 9TH |
Mt. Vernon Bulls batting - Pitching for Grim Reapers : RHP César Morales
|
Pitching: RHP Jerry Magee
|
|
Now at C: Nobuhisa Kuwabara
|
|
Pinch Hitting: RHB Anastasio Deleón
|
0-0: Swinging Strike 0-1: Ground out 6-3 (Groundball, 56)
|
Batting: LHB Lou Downes
|
0-0: Swinging Strike 0-1: Ball 1-1: SINGLE (Groundball, 6MD)
|
Batting: SHB Fergus Stidston
|
0-0: Called Strike 0-1: Swinging Strike 0-2: Strikes out looking
|
Batting: RHB Kamakakoa Kaponianani
|
0-0: Ball 1-0: Ball 2-0: Ground out 4-3 (Groundball, 4)
|
Bottom of the 9th over - 0 runs, 1 hit, 0 errors, 1 left on base; Grim 3 - Mt. Vernon 3 |
TOP OF THE 10TH |
Grim Reapers batting - Pitching for Mt. Vernon Bulls : RHP Joel Walden
|
Now in CF: Anastasio Deleón
|
|
Batting: RHB Joe Rodgers
|
0-0: Ball 1-0: Foul Ball, location: 2F 1-1: Ground out 4-3 (Groundball, 4)
|
Batting: SHB Tekkan Hayagawa
|
0-0: Called Strike 0-1: Ball 1-1: Foul Ball, location: 2F 1-2: Strikes out swinging
|
Batting: RHB Tsuneari Hirano
|
0-0: Ball 1-0: Foul Ball, location: 2F 1-1: Called Strike 1-2: Ball 2-2: Ball 3-2: Strikes out looking
|
Top of the 10th over - 0 runs, 0 hits, 0 errors, 0 left on base; Grim 3 - Mt. Vernon 3 |
BOTTOM OF THE 10TH |
Mt. Vernon Bulls batting - Pitching for Grim Reapers : RHP Jerry Magee
|
Batting: LHB Tomás Muinos
|
0-0: Foul Ball, location: 2F 0-1: Ball 1-1: SINGLE (Line Drive, 9S)
|
Batting: RHB Modesto González
|
0-0: Called Strike 0-1: Foul Ball, location: 2F 0-2: Ball 1-2: SINGLE (Groundball, 6) (infield hit) Tomás Muinos to second
|
Pinch Runner at 2nd Ionut Tintoaca:
|
|
Batting: LHB Abraham Koen
|
0-0: Called Strike 0-1: Ball 1-1: Ball 2-1: Foul Ball, location: 2F 2-2: Ball 3-2: Foul Ball, location: 2F 3-2: Fly out, F6 (Popup, 6MS)
|
Batting: RHB Tony Cardenas
|
0-0: Called Strike 0-1: Foul Ball, location: 2F 0-2: Ball 1-2: Ball 2-2: Ball 3-2: Foul Ball, location: 2F 3-2: Strikes out looking
|
Batting: LHB Iván Soto
|
0-0: Reached via error on a dropped throw, E3 Ionut Tintoaca to third Modesto González to second
|
Batting: RHB Anastasio Deleón
|
0-0: Ball 1-0: Called Strike 1-1: Swinging Strike 1-2: Ball 2-2: Foul Ball, location: 2F 2-2: Ball 3-2: Foul Ball, location: 2F 3-2: Strikes out swinging
|
Bottom of the 10th over - 0 runs, 2 hits, 1 error, 3 left on base; Grim 3 - Mt. Vernon 3 |
TOP OF THE 11TH |
Grim Reapers batting - Pitching for Mt. Vernon Bulls : RHP Joel Walden
|
Pitching: RHP Rafael Santiago
|
|
Now at 1B: Enrique Martínez
|
|
Batting: SHB Guo-liang Ye
|
0-0: DOUBLE (Line Drive, 7LM)
|
Batting: RHB Bearooz Yacoobi
|
0-0: Fly out, F8 (Flyball, 8RM)
|
Batting: LHB Semo Hoaloha
|
0-0: Intentional Walk
|
Batting: RHB Jaxton Goleta
|
0-0: Foul Ball, location: 2F 0-1: Swinging Strike 0-2: Fielders Choice at 2nd, 6-4 (Groundball, 56) Guo-liang Ye to third
|
Pinch Hitting: RHB Nelson Ross
|
0-0: Ball 1-0: Called Strike 1-1: Fielders Choice at 2nd, 6-4 (Groundball, 6)
|
Top of the 11th over - 0 runs, 1 hit, 0 errors, 2 left on base; Grim 3 - Mt. Vernon 3 |
BOTTOM OF THE 11TH |
Mt. Vernon Bulls batting - Pitching for Grim Reapers : RHP Jerry Magee
|
Pitching: RHP Finley Berose
|
|
Now at C: Nelson Ross
|
|
Batting: LHB Lou Downes
|
0-0: Called Strike 0-1: Ball 1-1: Foul Ball, location: 2F 1-2: Foul Ball, location: 2F 1-2: Ground out 6-3 (Groundball, 6)
|
Batting: SHB Fergus Stidston
|
0-0: Called Strike 0-1: Ball 1-1: Swinging Strike 1-2: Hit by Pitch
|
Batting: RHB Kamakakoa Kaponianani
|
0-0: Ball 1-0: Foul Ball, location: 2F 1-1: SINGLE (Flyball, 9S) Fergus Stidston to second Runner from 2nd tries for 3rd, SAFE, no throw
|
Pinch Hitting: SHB Zak Martin
|
0-0: Ball 1-0: Foul Ball, location: 2F 1-1: Ball 2-1: Ball 3-1: Base on Balls Kamakakoa Kaponianani to second
|
Batting: RHB Modesto González
|
0-0: Ball 1-0: Fly out, F3 (Popup, 23F)
|
Batting: LHB Abraham Koen
|
0-0: Foul Ball, location: 2F 0-1: Swinging Strike 0-2: Strikes out swinging
|
Bottom of the 11th over - 0 runs, 1 hit, 0 errors, 3 left on base; Grim 3 - Mt. Vernon 3 |
TOP OF THE 12TH |
Grim Reapers batting - Pitching for Mt. Vernon Bulls : RHP Rafael Santiago
|
Now at 1B: Dong-hua Jianbua
|
|
Batting: RHB Marvin Strickland
|
0-0: Ball 1-0: Ball 2-0: Ball 3-0: Called Strike 3-1: Base on Balls
|
Batting: RHB Joe Rodgers
|
0-0: Bunted foul 0-1: Bunted foul 0-2: Ball 1-2: Ball 2-2: Strikes out looking
|
Batting: SHB Tekkan Hayagawa
|
0-0: Ball 1-0: Ground out 5-3 (Groundball, 56S) Marvin Strickland to second
|
Batting: RHB Tsuneari Hirano
|
0-0: Called Strike 0-1: Fly out, F5 (Line Drive, 56)
|
Top of the 12th over - 0 runs, 0 hits, 0 errors, 1 left on base; Grim 3 - Mt. Vernon 3 |
BOTTOM OF THE 12TH |
Mt. Vernon Bulls batting - Pitching for Grim Reapers : RHP Finley Berose
|
Batting: RHB Tony Cardenas
|
0-0: Called Strike 0-1: Ball 1-1: Called Strike 1-2: Foul Ball, location: 2F 1-2: Strikes out swinging
|
Batting: LHB Iván Soto
|
0-0: Called Strike 0-1: Swinging Strike 0-2: Ball 1-2: Strikes out swinging
|
Batting: RHB Anastasio Deleón
|
0-0: Called Strike 0-1: Foul Ball, location: 2F 0-2: Ball 1-2: SINGLE (Groundball, 6MD)
|
Batting: LHB Lou Downes
|
0-0: Ball 1-0: Called Strike 1-1: SINGLE (Line Drive, 78M) Anastasio Deleón to second
|
Batting: SHB Fergus Stidston
|
0-0: Ball 1-0: Ball 2-0: Called Strike 2-1: Fielders Choice at 2nd, 6-4 (Groundball, 6)
|
Bottom of the 12th over - 0 runs, 2 hits, 0 errors, 2 left on base; Grim 3 - Mt. Vernon 3 |
TOP OF THE 13TH |
Grim Reapers batting - Pitching for Mt. Vernon Bulls : RHP Rafael Santiago
|
Pitching: RHP Wilson López
|
|
Batting: SHB Guo-liang Ye
|
0-0: Swinging Strike 0-1: Ball 1-1: Ball 2-1: Swinging Strike 2-2: Strikes out swinging
|
Batting: RHB Bearooz Yacoobi
|
0-0: Called Strike 0-1: Foul Ball, location: 2F 0-2: Fly out, F7 (Line Drive, 7)
|
Batting: LHB Semo Hoaloha
|
0-0: Ball 1-0: Ball 2-0: Foul Ball, location: 2F 2-1: Ball 3-1: Base on Balls
|
Batting: RHB Jaxton Goleta
|
0-0: Called Strike 0-1: Swinging Strike 0-2: Ball 1-2: Strikes out swinging
|
Top of the 13th over - 0 runs, 0 hits, 0 errors, 1 left on base; Grim 3 - Mt. Vernon 3 |
BOTTOM OF THE 13TH |
Mt. Vernon Bulls batting - Pitching for Grim Reapers : RHP Finley Berose
|
Batting: RHB Kamakakoa Kaponianani
|
0-0: Ball 1-0: Foul Ball, location: 2F 1-1: Ball 2-1: Foul Ball, location: 2F 2-2: Ball 3-2: Foul Ball, location: 2F 3-2: Fly out, F7 (Flyball, 7LMF)
|
Batting: SHB Dong-hua Jianbua
|
0-0: Foul Ball, location: 2F 0-1: Called Strike 0-2: Foul Ball, location: 2F 0-2: Foul Ball, location: 2F 0-2: Fly out, F8 (Flyball, 8RD)
|
Batting: RHB Modesto González
|
0-0: Foul Ball, location: 2F 0-1: Ball 1-1: Ball 2-1: Ball 3-1: Fly out, F9 (Flyball, 9D)
|
Bottom of the 13th over - 0 runs, 0 hits, 0 errors, 0 left on base; Grim 3 - Mt. Vernon 3 |
TOP OF THE 14TH |
Grim Reapers batting - Pitching for Mt. Vernon Bulls : RHP Wilson López
|
Batting: RHB Nelson Ross
|
0-0: Ball 1-0: Called Strike 1-1: Foul Ball, location: 2F 1-2: Ground out 6-3 (Groundball, 6)
|
Batting: RHB Marvin Strickland
|
0-0: Ball 1-0: Swinging Strike 1-1: Called Strike 1-2: Ball 2-2: Strikes out swinging
|
Batting: RHB Joe Rodgers
|
0-0: Ball 1-0: Ball 2-0: Ball 3-0: Base on Balls
|
Batting: SHB Tekkan Hayagawa
|
0-0: Called Strike 0-1: Called Strike 0-2: Ball 1-2: DOUBLE (Flyball, 89XD) Joe Rodgers to third Runner from 3rd tries for Home, SAFE, no throw
|
Batting: RHB Tsuneari Hirano
|
0-0: Ball 1-0: SINGLE (Line Drive, 4D) Tekkan Hayagawa to third
|
Batting: SHB Guo-liang Ye
|
0-0: Called Strike 0-1: Swinging Strike 0-2: Fly out, F8 (Flyball, 89M)
|
Top of the 14th over - 1 run, 2 hits, 0 errors, 2 left on base; Grim 4 - Mt. Vernon 3 |
BOTTOM OF THE 14TH |
Mt. Vernon Bulls batting - Pitching for Grim Reapers : RHP Finley Berose
|
Batting: LHB Abraham Koen
|
0-0: Ball 1-0: Ball 2-0: Ball 3-0: Base on Balls
|
Batting: RHB Tony Cardenas
|
0-0: Bunted foul 0-1: Bunted foul 0-2: SINGLE (Line Drive, 89S) Abraham Koen to second
|
Pinch Runner at 2nd Doug Day:
|
|
Batting: LHB Iván Soto
|
0-0: Ball 1-0: Ground out U3 (Groundball, 3S) Doug Day to third Tony Cardenas to second
|
Batting: RHB Anastasio Deleón
|
0-0: Called Strike 0-1: Ground out 4-3 (Groundball, 4M)
|
Batting: LHB Lou Downes
|
0-0: SINGLE (Groundball, 34D) Doug Day scores Tony Cardenas to third Runner from 3rd tries for Home, SAFE, no throw
|
Friday, March 29th, 2019 - OOTP Baseball 18.8 Build 76
|
|